cohdb
Replays
Latest Replays
All Replays
Popular Replays
Top Player Replays
Match Explorer
How It Works
Community
CoH3 Stats
Reddit
Sign in to upload your games and track your stats! →
Sign in with Steam
Match 41527277
Unlisted
Match 41527277
Overview
Messages
Build Orders
End
Panzergrenadier Squad
Panzergrenadier Squad
250 Light Carrier
Construct Light Support Kompanie
Panzerjäger Squad
Fire Support Elements
MG34 Team
Assault Mechanized Group
Selects Panzerjäger Kommand Battlegroup
Selects Tank Busters
Selects Mine Fields
Selects Defensive Positions
Panzerjäger Squad
Construct Panzerarmee Kommand
Selects Butterfly Bomb Drop
Panzer III L Medium Tank
Panzerjäger Mechanized Group
Panzer III L Medium Tank
Butterfly Bomb Drop
Selects Crew Shock Tactics
Vehicle Survival Package
Emergency Repair Kits
Armored Reserves
Rapid Advance
2.5-tonne Medical Truck
Selects Anti-tank Overwatch
Butterfly Bomb Drop
Anti-tank Overwatch
Tungsten Core Ammunition
Tiger Heavy Tank
Assault Grenadier Squad
カルト_くん
Thomsen
speirs
Lvl 12 Dwarf Janitor
0
0
Comments
sign in to comment!
No comments posted yet!